 Dungeon Crawl Stone Soup version 0.30-a0-1075-gcd70e7a56d (webtiles) character file.

Game seed: 735401832911694927

786 ryw the Trooper (level 7, -4/55 HPs)
             Began as a Mummy Fighter on Apr 15, 2023.
             Was an Initiate of Okawaru.
             Slain by an orc warrior
             ... wielding a +0 battleaxe
              (8 damage)
             ... on level 5 of the Dungeon.
             The game lasted 00:07:11 (4133 turns).

ryw the Trooper (Mummy Fighter)                     Turns: 4133, Time: 00:07:11

Health: -4/55      AC: 14    Str: 21    XL:     7   Next: 56%
Magic:  7/7        EV:  9    Int:  8    God:    Okawaru [......]
Gold:   234        SH:  4    Dex: 11    Spells: 6/6 levels left

rFire   x . .      SeeInvis .    h - +0 morningstar
rCold   + . .      Faith    +    c - +0 buckler
rNeg    + + +      Spirit   .    b - +0 scale mail
rPois   ∞          Reflect  .    (no helmet)
rElec   .          Rampage  .    (no cloak)
rCorr   .                        d - +2 pair of gloves
Will    .....                    (no boots) Stlth
                                 (no amulet)
HPRegen 0.29/turn                l - +4 ring of protection
MPRegen 0.10/turn                (no ring)

@: no status effects
A: cold resistance 1, negative energy resistance 3, torment resistance 2, heat
vulnerability 1, in touch with death 1, no potions, faith
a: Renounce Religion


You were on level 5 of the Dungeon.
You worshipped Okawaru.
Okawaru was noncommittal.
You visited 2 branches of the dungeon, and saw 7 of its levels.

You collected 234 gold pieces.

Inventory:

Hand Weapons
 h - a +0 morningstar (weapon)
Missiles
 f - 17 poisoned darts (quivered)
 j - a throwing net
Armour
 b - a +0 scale mail (worn)
 c - a +0 buckler (worn)
 d - a +2 pair of gloves (worn)
Jewellery
 g - a ring of resist corrosion
 l - a +4 ring of protection (left hand)
Wands
 k - a wand of iceblast (1)
 p - a wand of paralysis (5)
Scrolls
 e - 4 scrolls of teleportation
 i - 2 scrolls of vulnerability
 m - 2 scrolls of immolation
 n - a scroll of poison
 o - a scroll of fog


   Skills:
 + Level 4.7 Fighting
 * Level 4.7 Maces & Flails
 + Level 4.0 Armour
 + Level 4.0 Shields


You had 6 spell levels left.
You didn't know any spells.
Your spell library contained the following spells:

 Spells                   Type           Power      Damage    Failure   Level
 Hailstorm                Conj/Ice       0%         3d3       99%         3
 Portal Projectile        Hex/Tloc       0%         N/A       99%         3
 Tukima's Dance           Hex            Unusable   N/A       N/A         3
 Ice Form                 Ice/Tmut       Unusable   N/A       N/A         4
 Blade Hands              Tmut           Unusable   N/A       N/A         5
 Simulacrum               Ice/Necr       Unusable   N/A       N/A         6

Dungeon Overview and Level Annotations

Branches:
Dungeon (6/15)             Temple (1/1) D:5

Altars:
Cheibriados
Dithmenos
Fedhas
Gozag
Hepliaklqana
Kikubaaqudgha
Makhleb
Nemelex Xobeh
Okawaru
Qazlal
Ru
Sif Muna
Uskayaw
Vehumet
Wu Jian

Shops:
D:4 *

Annotations:
D:3 exclusion: statue


Innate Abilities, Weirdness & Mutations

You are immune to poison.
Your flesh is cold resistant. (rC+)
You are immune to negative energy. (rN+++)
You are immune to unholy pain and torment.
You are vulnerable to heat. (rF-)
You are in touch with the powers of death.
You do not drink.
You have a special connection with the divine. (Faith)


Message History

You sock the orc!
You kill the orc!
Okawaru accepts your kill.
The orc warrior hits you with a +0 battleaxe!
You climb upwards.
There is a stone staircase leading down here.
You hit the orc warrior.
The orc warrior is lightly wounded.
The orc warrior hits you with a +0 battleaxe.
You closely miss the orc warrior.
The orc warrior is lightly wounded.
The orc warrior hits you with a +0 battleaxe! x2
You are too injured to fight recklessly!
You are too injured to fight recklessly!
You are too injured to fight recklessly!
You barely miss the orc warrior.
The orc warrior is lightly wounded.
The orc warrior closely misses you.
You hit the orc warrior but do no damage.
The orc warrior is lightly wounded.
The orc warrior hits you with a +0 battleaxe!
* * * LOW HITPOINT WARNING * * *
You block the orc warrior's attack.
You hit the orc warrior but do no damage.
The orc warrior is lightly wounded.
The orc warrior barely misses you.
You sock the orc warrior!
The orc warrior is heavily wounded.
You block the orc warrior's attack.
You hit the orc warrior.
The orc warrior is heavily wounded.
You block the orc warrior's attack. The orc warrior barely misses you.
You hit the orc warrior but do no damage.
The orc warrior is heavily wounded.
The orc warrior hits you with a +0 battleaxe!
* * * LOW HITPOINT WARNING * * *
The air fills with toxic fumes!
As you read the scroll of poison, it crumbles to dust.
The orc warrior hits you with a +0 battleaxe!
You die...

##....>............#####.........
...#..####§§§§§§§§## #....###....
.........§§§§§§§§§§###....#......
.........§§§§§§§§§§§§.......#....
#......###§§§§§§§§§§##....####...
....##.###§§§§§§§§§§§#.....# ##..
..#..#.#.§§§§§§§§§§#.......######
.#.....#.#§§§§§§§§§##§§###.....##
#####....§§§§§§§@§§§§§§# #####...
.#......#§§§§§§§o§§§##§# ####.
..#......§§§§§§§§§§###.### ##....
....##..##§§§§§§§§§§§#...# #..._.
#...##...§§§§§§§§§##§###.###.....
.........§##§§§§§###§###.##..####
.......)..#######§...§.......#(..
.................§##.###..##.#(..
..........##########.# ##.##.####


You could see an orc warrior.

Vanquished Creatures
  A sky beast (D:5)
  2 ice beasts (D:5)
  A black bear (D:5)
  A phantom (D:4)
  A scorpion (D:5)
  A hound (D:4)
  2 orc priests
  A jelly (D:6)
  2 orc wizards
  3 adders
  2 worms
  3 dart slugs
  14 orcs
  4 ball pythons
  5 bats
  5 endoplasms
  A giant cockroach (D:3)
  6 goblins
  5 hobgoblins
  5 kobolds
  3 quokkas
  3 frilled lizards
  7 rats
78 creatures vanquished.

Notes
Turn   | Place    | Note
-------+----------+-------------------------------------------
     0 | D:1      | ryw the Mummy Fighter began the quest for the Orb.
     0 | D:1      | Reached XP level 1. HP: 18/18 MP: 1/1
   213 | D:1      | Reached XP level 2. HP: 20/24 MP: 2/2
   798 | D:2      | Gained mutation: You are in touch with the powers of death.
                  | [Mummy growth]
   798 | D:2      | Reached XP level 3. HP: 29/29 MP: 3/3
  1552 | D:2      | Reached XP level 4. HP: 24/35 MP: 4/4
  1937 | D:3      | Found a radiant altar of Vehumet.
  1937 | D:3      | Noticed a charred statue
  2010 | D:3      | Found a sacrificial altar of Ru.
  2294 | D:4      | Found Zikhuch's Fire Supplies.
  2371 | D:4      | Reached XP level 5. HP: 42/42 MP: 5/5
  2667 | D:4      | Noticed a phantom
  2678 | D:4      | Killed a phantom
  2799 | D:4      | Found a stormy altar of Qazlal.
  2832 | D:4      | Reached XP level 6. HP: 48/48 MP: 6/6
  3074 | D:5      | Entered Level 5 of the Dungeon
  3187 | D:5      | Noticed a +0 dagger
  3187 | D:5      | Noticed a +0 hand axe
  3188 | D:5      | Found a hide-covered altar of Uskayaw.
  3195 | D:5      | Found a blossoming altar of Fedhas.
  3211 | D:5      | Found a shadowy altar of Dithmenos.
  3371 | D:5      | Found a staircase to the Ecumenical Temple.
  3386 | Temple   | Entered the Ecumenical Temple
  3409 | D:5      | Noticed a sky beast
  3537 | D:5      | Killed a sky beast
  3597 | D:5      | Noticed an ice beast
  3610 | D:5      | Killed an ice beast
  3611 | D:5      | Reached XP level 7. HP: 42/55 MP: 7/7
  3702 | D:5      | Found an iron altar of Okawaru.
  3719 | D:5      | Became a worshipper of Warmaster Okawaru
  4110 | D:6      | Found a snail-covered altar of Cheibriados.
  4133 | D:5      | Slain by an orc warrior

Illustrated notes

Levels and vault maps discovered:
D:1:      dpeg_arrival_castle, layout_loops_ring
D:2:      layout_basic
D:3:      layout_rooms, vehumet_statue, nicolae_ru_path_of_blood
D:4:      nicolae_cairo_tiling_large, layout_loops_ring, grunt_qazlal_clouds,
          nicolae_shop_fire_sale [nicolae_sub_dead_trees], kennysheep_doodads
D:5:      layout_rooms, mainiacjoe_overflow_boulevard,
          mainiacjoe_overflow_alcove_1, nicolae_dithmenos_shadow_blocks,
          dancing_weapons_uskayaw, minmay_temple_entry_arrows, dk_noncrumbling_4
D:6:      layout_basic, mainiacjoe_overflow_six_doors_small, uniq_maggie
Temple:   hellmonk_temple_rainy

Skill      XL: |  1  2  3  4  5  6  7 |
---------------+----------------------+-----
Maces & Flails | 2 3 4 |  4.7
Shields        | 3 4 |  4.0
Armour         | 3 4 |  4.0
Fighting       | 4 |  4.7

Action                     |  1- 3 |  4- 6 |  7- 9 || total
---------------------------+-------+-------+-------++-------
  Melee: Flail             |   107 |       |       ||   107
         Morningstar       |       |   141 |    50 ||   191
  Throw: Dart              |       |     4 |       ||     4
    Use: Scroll            |     2 |     7 |     1 ||    10
 Armour: Scale mail        |    75 |    81 |    38 ||   194
  Dodge: Dodged            |    42 |    55 |    19 ||   116
  Block: Buckler           |    25 |    32 |    13 ||    70

Table legend: (Time is in decaauts)
 A = Elapsed time spent in this place.
 B = Non-inter-level travel time spent in this place.
 C = Inter-level travel time spent in this place.
 D = Time resting spent in this place.
 E = Time spent auto-exploring this place.
 F = Levels seen in this place.
 G = Mean time per level.
                   A        B        C        D        E       F      G
               +--------+--------+--------+--------+--------+-----+--------+
         Total |   4247 |   4021 |    226 |    579 |   2557 |   7 |  606.7 |
       Dungeon |   4127 |   3909 |    218 |    479 |   2557 |   6 |  687.8 |
        Temple |    120 |    112 |      8 |    100 |      0 |   1 |  120.0 |
               +--------+--------+--------+--------+--------+-----+--------+

Top non-repeatable levels by time:
     D:2: 1011 daAuts
     D:5: 899 daAuts
     D:4: 863 daAuts
     D:1: 711 daAuts
     D:3: 558 daAuts
  Temple: 120 daAuts
     D:6: 82 daAuts
